 Dungeon Crawl Stone Soup version 0.31-a0-360-gb3e1d13bf4 (webtiles) character file.

Game seed: 11542335518646404771

17488 ragingrage the Thaumaturge (level 12, 0/81 HPs)
             Began as a Djinni Artificer on July 26, 2023.
             Was an Initiate of Gozag.
             Slain by a blink frog (7 damage)
             ... on level 1 of the Lair of Beasts.
             The game lasted 00:17:03 (14355 turns).

ragingrage the Thaumaturge (Djinni Artificer)      Turns: 14355, Time: 00:17:04

Health: 0/81       AC:  8    Str: 13    XL:     12   Next: 83%
Gold:   1750       EV: 12    Int: 23    God:    Gozag SH:  0 Dex: 15

rFire   + + +        a - +1 dagger (venom)
rCold   . . .        (no shield)
rNeg    . . .        R - +1 leather armour "Icvene Vamo" {Slay+2}
rPois   ∞            K - +0 helmet
rElec   .            N - +2 cloak
rCorr   .            (no gloves)
SInv    .            (boots unavailable)
Will    +....        (no amulet)
Stlth   ++           p - ring of the Sturgeon {rPois rF+ rC+ Str+2 Int+6}
HPRegen 0.33/turn    r - +4 ring of slaying
MPRegen 0.00/turn

%: infuse magic (-1 HP)
@: gold aura, flying
A: sickness immunity, fire resistance 2, cold vulnerability 1, float, innate
caster, HP casting, extra vitality 1
a: Renounce Religion, Potion Petition, Call Merchant, Bribe Branch


You were on level 1 of the Lair of Beasts.
You worshipped Gozag.
Gozag was most pleased with you.
You visited 3 branches of the dungeon, and saw 13 of its levels.
You also visited: Ossuary and Bailey.

You collected 2370 gold pieces.
You spent 560 gold pieces at shops.
You paid 60 gold pieces to Gozag.

Inventory:

Hand Weapons
 a - a +1 dagger of venom (weapon)
 b - a +1 dagger of speed
 B - a +0 orcbow
 J - a +2 dagger
Missiles
 g - 5 throwing nets
 n - 42 poisoned darts
 I - 5 atropa-tipped darts
Armour
 H - the +2 chain mail of the Lost Chewing Beds {Int+3}
   (You found it in an ossuary)

   Int:       It affects your intelligence (+3).
 K - a +0 helmet (worn)
 N - a +2 cloak (worn)
 R - the +1 leather armour "Icvene Vamo" (worn) {Slay+2}
   (You found it on level 9 of the Dungeon)

   Slay:      It affects your accuracy & damage with ranged weapons and melee
   (+2).
Jewellery
 p - the ring of the Sturgeon (left hand) {rPois rF+ rC+ Str+2 Int+6}
   (You found it on level 2 of the Dungeon)

   [ring of intelligence]

   Str:       It affects your strength (+2).
   Int:       It affects your intelligence (+6).
   rF:        It protects you from fire.
   rC:        It protects you from cold.
   rPois:     It protects you from poison.
 r - a +4 ring of slaying (right hand)
 v - a ring of wizardry
 P - a ring of willpower
Wands
 c - a wand of flame (11)
 d - a wand of charming (4)
 e - a wand of iceblast (7)
 s - a wand of paralysis (2)
 M - a wand of mindburst (5)
 T - a wand of digging (4)
Scrolls
 h - 4 scrolls of blinking
 j - 6 scrolls of vulnerability
 m - 2 scrolls of identify
 o - 2 scrolls of revelation
 q - 3 scrolls of summoning {unknown}
 t - 5 scrolls of teleportation
 w - a scroll of immolation {unknown}
 y - 4 scrolls of enchant weapon {unknown}
 A - 4 scrolls of fog {unknown}
 C - a scroll of noise {unknown}
 D - a scroll of brand weapon {unknown}
 F - 2 scrolls of fear {unknown}
 G - 2 scrolls of poison {unknown}
 S - 4 scrolls of silence {unknown}
Potions
 f - 3 potions of curing
 i - 3 potions of lignification
 k - 3 potions of enlightenment
 l - 4 potions of haste
 u - a potion of invisibility {unknown}
 x - 3 potions of heal wounds
 z - 2 potions of cancellation
 E - 2 potions of mutation
 L - 2 potions of degeneration {unknown}
 O - 2 potions of resistance
 U - a potion of brilliance
 V - 2 potions of might {unknown}
 W - a potion of attraction {unknown}
Miscellaneous
 Q - a piece from Xom's chessboard (15/15)


   Skills:
 - Level 5.0 Fighting
 + Level 6.9 Short Blades
 - Level 1.0 Armour
 - Level 2.1 Dodging
 - Level 2.0 Stealth
 + Level 13.5 Spellcasting
 + Level 13.5 Conjurations
 + Level 13.5 Hexes
   Level 0.0 Charms
 + Level 13.5 Summonings
 + Level 13.5 Necromancy
 + Level 13.5 Translocations
 + Level 13.5 Transmutations
 + Level 13.5 Fire Magic
 + Level 13.5 Ice Magic
 + Level 13.5 Air Magic
 + Level 13.5 Earth Magic
 + Level 13.5 Poison Magic
 - Level 3.0 Evocations


You knew the following spells:

 Your Spells              Type           Power      Damage    Failure   Level
a - Scorch                Fire           100%       2d9       1%          2
b - Slow                  Hex            100%       N/A       1%          1
c - Gell's Gravitas       Tloc           67%        N/A       1%          3
d - Airstrike             Air            33%        2d(5-21)  1%          4
e - Anguish               Hex/Necr       33%        N/A       1%          4
Your spell library was empty.

Dungeon Overview and Level Annotations

Branches:
Dungeon (11/15)            Temple (1/1) D:6            Lair (1/5) D:9
    Orc (0/2) D:10        Ossuary (visited)          Bailey (visited)

Altars:
Ashenzari
Cheibriados
Dithmenos
Elyvilon
Fedhas
Gozag
Hepliaklqana
Makhleb
Nemelex Xobeh
Okawaru
Qazlal
Ru
Trog
Uskayaw
Wu Jian
Xom
Yredelemnul
Zin
The Shining One

Shops:
D:3 (   D:10 !

Annotations:
D:8 Dig


Innate Abilities, Weirdness & Mutations

You are immune to sickness and miasma.
You are immune to poison.
Your flesh is very heat resistant. (rF++)
You are vulnerable to cold. (rC-)
You float through the air rather than walking.
You learn spells naturally, not from books.
Your magical power is your life essence.
You have superior vitality. (+4 MHP)


Message History

The blink frog barely misses you.
You barely miss the blink frog.
The blink frog blinks!
A blink frog comes into view.
The blink frog blinks! x2
There is an open door here.
As you close the door, it creaks loudly!
You hear a croak.
You hear a loud, deep croak!
You hear a croak.
Aiming: Charm
Press: ? - help, Shift-Dir - straight line, f - blink frog
Aim: a blink frog (severely wounded, extremely poisoned, chance to affect: 38%)
The blink frog resists with some effort.
The blink frog blinks! x2
You miss the blink frog.
The blink frog croaks.
You hear a croak.
The blink frog barely misses you.
You puncture the blink frog!
You kill the blink frog!
The blink frog blinks!
You puncture the blink frog!
The blink frog hits you but does no damage.
Aiming: Airstrike (safe; 1% risk of failure)
Press: ? - help, Q - select action, (/) - cycle Dir - move target, f - blink frog
Aim: a blink frog (moderately wounded, empty space bonus: 7/8)
The air twists around and strikes the blink frog!!
* * * LOW HITPOINT WARNING * * *
The blink frog closely misses you. The blink frog hits you.
* * * LOW HITPOINT WARNING * * *
You miss the blink frog.
The blink frog blinks!
A blink frog comes into view.
Aiming: Charm
Press: ? - help, Shift-Dir - straight line, f - blink frog, p - blink frog
Aim: a blink frog (chance to affect: 38%)
The blink frog is charmed.
A blink frog comes into view.
The blink frog hits you.
* * * LOW HITPOINT WARNING * * *
You closely miss the blink frog. You closely miss the blink frog.
The blink frog hits you!
You die...
Your body crumbles into a pile of gold.

##..# ## #.##
#####.##
#.P..+.######
#...........#
##..^........###
#P...........+.##
##........^.....#
#.@F............###
##.F$........##....
#...........#####.
#...F.......# ##
##.#+F#.#####
###.#### #..# #.##
#.#


You could see 3 blink frogs and a friendly blink frog (charmed).

Vanquished Creatures
  An orc warlord (Bailey)
  A centaur warrior (D:9)
  Pikel (D:9)
  An ugly thing (D:9)
  A deep elf pyromancer (D:9)
  A manticore (D:9)
  A komodo dragon (Lair:1)
  A kobold demonologist (D:9)
  A blink frog (Lair:1)
  2 hornets (D:9)
  24 yaks
  3 wyverns
  A steam dragon (D:8)
  A basilisk (Lair:1)
  4 acid dragons
  2 water moccasins
  A black bear (Lair:1)
  9 orc warriors
  A sky beast (D:7)
  3 centaurs
  A lemure (D:9)
  2 phantoms (D:7)
  5 kobold brigands (D:9)
  A gnoll sergeant (D:10)
  2 scorpions
  7 wights
  3 water moccasin zombies (Ossuary)
  4 howler monkeys
  3 electric eels
  A bullfrog zombie (Ossuary)
  4 centaur zombies (Ossuary)
  3 orc priests
  3 jellies
  4 hounds
  3 sleepcaps
  3 iguanas (D:6)
  2 scorpion zombies (Ossuary)
  8 orc wizards
  Natasha (twice) (D:2)
  An ogre zombie (Ossuary)
  A mummy (D:6)
  18 gnolls
  3 adders
  A shadow imp (D:4)
  A white imp (D:4)
  4 adder zombies (Ossuary)
  5 worms
  2 dart slugs
  17 orcs
  8 ball pythons
  9 bats
  8 endoplasms
  4 giant cockroaches
  14 goblins
  9 hobgoblins
  27 kobolds
  3 quokkas
  6 frilled lizards
  A gnoll zombie (Ossuary)
  3 goblin zombies (Ossuary)
  5 hobgoblin zombies (Ossuary)
  A kobold zombie (D:6)
  3 orc zombies
  7 rats
282 creatures vanquished.

Vanquished Creatures (collateral kills)
  A wight (D:8)
  A howler monkey (D:8)
  An orc (D:8)
3 creatures vanquished.

Vanquished Creatures (others)
  An orc warrior (D:8)
  2 wights (D:8)
  A gnoll bouda (D:3)
  2 gnolls (D:3)
  A kobold (D:1)
7 creatures vanquished.

Grand Total: 292 creatures vanquished

Notes
Turn   | Place    | Note
-------+----------+-------------------------------------------
     0 | D:1      | ragingrage the Djinni Artificer began the quest for the
                  | Orb.
     0 | D:1      | Reached XP level 1. HP: 17/17 MP: 0/0
   180 | D:1      | Reached XP level 2. HP: 23/23 MP: 0/0
   520 | D:1      | Reached skill level 1 in Stealth
   661 | D:1      | Reached XP level 3. HP: 21/29 MP: 0/0
   661 | D:1      | Learned a level 1 spell: Slow
  1373 | D:2      | Noticed Natasha
  1380 | D:2      | Killed Natasha
  1381 | D:2      | Reached XP level 4. HP: 35/35 MP: 0/0
  1496 | D:2      | Identified the ring of the Sturgeon {rPois rF+ rC+ Str+2
                  | Int+6}
  1730 | D:2      | Noticed Natasha
  1749 | D:2      | Killed Natasha
  1750 | D:2      | Reached skill level 1 in Spellcasting
  1750 | D:2      | Reached skill level 1 in Conjurations
  1750 | D:2      | Reached skill level 1 in Hexes
  1750 | D:2      | Reached skill level 1 in Summonings
  1750 | D:2      | Reached skill level 1 in Necromancy
  1750 | D:2      | Reached skill level 1 in Translocations
  1750 | D:2      | Reached skill level 1 in Transmutations
  1750 | D:2      | Reached skill level 1 in Fire Magic
  1750 | D:2      | Reached skill level 1 in Ice Magic
  1750 | D:2      | Reached skill level 1 in Air Magic
  1750 | D:2      | Reached skill level 1 in Earth Magic
  1750 | D:2      | Reached skill level 1 in Poison Magic
  1750 | D:2      | Reached XP level 5. HP: 20/40 MP: 0/0
  1750 | D:2      | Learned a level 2 spell: Scorch
  2216 | D:3      | Found an iron altar of Okawaru.
  2218 | D:3      | Found a snail-covered altar of Cheibriados.
  2269 | D:3      | Found an ornate altar of the Wu Jian Council.
  2717 | D:3      | Found a shadowy altar of Dithmenos.
  2768 | D:3      | Found Rom Nuf's Antique Weapon Boutique.
  2908 | D:3      | Found an opulent altar of Gozag.
  3192 | D:3      | Became a worshipper of Gozag Ym Sagoz the Greedy
  3235 | D:4      | Reached skill level 1 in Short Blades
  3235 | D:4      | Reached XP level 6. HP: 43/47 MP: 0/0
  3839 | D:5      | Entered Level 5 of the Dungeon
  3959 | D:4      | Reached XP level 7. HP: 53/53 MP: 0/0
  3959 | D:4      | Learned a level 3 spell: Gell's Gravitas
  4557 | D:5      | Reached skill level 5 in Fighting
  4812 | D:5      | Noticed a +0 falchion
  4812 | D:5      | Noticed a +0 falchion
  4813 | D:5      | Noticed a +0 short sword
  4814 | D:5      | Noticed a +0 spear
  4814 | D:5      | Noticed a +0 dagger
  4815 | D:5      | Noticed a +0 spear
  4815 | D:5      | Noticed a +0 short sword
  4816 | D:5      | Noticed a +0 dagger
  4817 | D:5      | Found a hide-covered altar of Uskayaw.
  5248 | D:6      | Found a sand-covered staircase.
  5265 | Ossuary  | Entered an ossuary
  5321 | Ossuary  | Reached XP level 8. HP: 41/59 MP: 0/0
  5828 | Ossuary  | Reached skill level 5 in Short Blades
  5972 | Ossuary  | Noticed a silent spectre
  6003 | Ossuary  | Identified the +2 chain mail of the Lost Chewing Beds
                  | {Int+3}
  6168 | D:6      | Found a staircase to the Ecumenical Temple.
  6174 | Temple   | Entered the Ecumenical Temple
  6972 | D:7      | Reached XP level 9. HP: 60/65 MP: 0/0
  6972 | D:7      | Learned a level 4 spell: Airstrike
  7146 | D:7      | Reached skill level 5 in Spellcasting
  7146 | D:7      | Reached skill level 5 in Conjurations
  7146 | D:7      | Reached skill level 5 in Hexes
  7146 | D:7      | Reached skill level 5 in Summonings
  7146 | D:7      | Reached skill level 5 in Necromancy
  7146 | D:7      | Reached skill level 5 in Translocations
  7146 | D:7      | Reached skill level 5 in Transmutations
  7146 | D:7      | Reached skill level 5 in Fire Magic
  7146 | D:7      | Reached skill level 5 in Ice Magic
  7146 | D:7      | Reached skill level 5 in Air Magic
  7146 | D:7      | Reached skill level 5 in Earth Magic
  7146 | D:7      | Reached skill level 5 in Poison Magic
  7924 | D:8      | Noticed a tengu warrior
  7924 | D:8      | Noticed a centaur warrior
  7925 | D:8      | Noticed a troll
  7926 | D:8      | Noticed a centaur warrior
  7926 | D:8      | Noticed a meliai
  7948 | D:8      | Noticed a manticore
  8042 | D:8      | Reached XP level 10. HP: 35/70 MP: 0/0
  8145 | D:8      | Found a blossoming altar of Fedhas.
  8146 | D:8      | Found a hazy altar of Hepliaklqana.
  8153 | D:8      | Found a flagged portal.
  8232 | Bailey   | Entered a bailey
  8254 | Bailey   | Noticed an orc warlord
  8704 | Bailey   | Found a runed translucent gate.
  8707 | Bailey   | Found a runed translucent gate.
  8732 | Bailey   | Found a runed translucent gate.
  9001 | Bailey   | Killed an orc warlord
  9511 | D:8      | Reached XP level 11. HP: 75/75 MP: 0/0
  9511 | D:8      | Learned a level 4 spell: Anguish
  9552 | D:9      | Noticed a red ugly thing
  9556 | D:9      | Noticed a manticore
 10084 | D:9      | Killed a red ugly thing
 10165 | D:9      | Killed a manticore
 10264 | D:9      | Noticed a centaur warrior
 10265 | D:9      | Noticed a deep elf pyromancer
 10309 | D:9      | Killed a deep elf pyromancer
 10673 | D:9      | Found a staircase to the Lair.
 10865 | D:9      | Reached XP level 12. HP: 68/81 MP: 0/0
 11428 | D:9      | Noticed Pikel
 11437 | D:9      | Killed Pikel
 11648 | D:9      | Killed a centaur warrior
 11881 | D:9      | Identified the +1 leather armour "Icvene Vamo" {Slay+2}
 12462 | D:10     | Entered Level 10 of the Dungeon
 13003 | D:10     | Found a staircase to the Orcish Mines.
 13047 | D:10     | Found Uriul's Distillery.
 13312 | D:10     | Bought a potion of resistance for 140 gold pieces
 13312 | D:10     | Bought a potion of haste for 140 gold pieces
 13312 | D:10     | Bought a potion of brilliance for 56 gold pieces
 13312 | D:10     | Bought a potion of heal wounds for 70 gold pieces
 13312 | D:10     | Bought a potion of lignification for 42 gold pieces
 13312 | D:10     | Bought a potion of mutation for 112 gold pieces
 13991 | Lair:1   | Entered Level 1 of the Lair of Beasts
 14355 | Lair:1   | Slain by a blink frog

Illustrated notes

Levels and vault maps discovered:
D:1:      amcnicky_arrival_flooded_fountain, layout_loops_ring,
          serial_bayou_lagoon_a
D:2:      minmay_general_purpose_star, layout_basic, uniq_natasha
D:3:      layout_basic, mainiacjoe_overflow_paths, grunt_gozag_breadcrumbs,
          nicolae_dithmenos_through_a_glass_darkly,
          mainiacjoe_overflow_catwalk_spiral, serial_shops,
          nicolae_lakefront_shop, kennysheep_pointless_box, st_stairs_7,
          saegor_snake_ambush
D:4:      layout_cave_pools
D:5:      layout_basic, nicolae_uskayaw_en_pointe
D:6:      layout_layer_cave, minmay_temple_entry_wispy,
          cheibrodos_sewer_entry_drain, nicolae_ossuary_entry_giza,
          serial_bayou_ford_a, serial_park_tiny_pond
D:7:      layout_loops_cross
D:8:      layout_cave_pools, jmf_multi_god_temple, enter_bailey_2, minivault_12
D:9:      layout_roguey, lair_entry_dummy, minmay_tree_intersection,
          chequers_big_river, minmay_misc_feat_rugged, minmay_diamond_spiral,
          uniq_pikel
D:10:     layout_basic, orc_0_dummy, serial_shops, shop
D:11:     layout_rooms, kiku_gazebo_pond_becter
Temple:   jpeg_temple_clearing
Lair:1:   layout_roguey, beast_lair_carwin_10, grunt_megastairs_5

Skill      XL: |  1  2  3  4  5  6  7  8  9 10 11 12 |
---------------+-------------------------------------+-----
Fighting       | 2 3 4 5 |  5.0
Stealth        | 1 2 |  2.0
Spellcasting   | 1 2 3 4 7 11 12 13 | 13.5
Conjurations   | 1 2 3 4 7 11 12 13 | 13.5
Hexes          | 1 2 3 4 7 11 12 13 | 13.5
Summonings     | 1 2 3 4 7 11 12 13 | 13.5
Necromancy     | 1 2 3 4 7 11 12 13 | 13.5
Translocations | 1 2 3 4 7 11 12 13 | 13.5
Transmutations | 1 2 3 4 7 11 12 13 | 13.5
Fire Magic     | 1 2 3 4 7 11 12 13 | 13.5
Ice Magic      | 1 2 3 4 7 11 12 13 | 13.5
Air Magic      | 1 2 3 4 7 11 12 13 | 13.5
Earth Magic    | 1 2 3 4 7 11 12 13 | 13.5
Poison Magic   | 1 2 3 4 7 11 12 13 | 13.5
Short Blades   | 1 2 3 6 |  6.9
Armour         | |  1.0
Dodging        | |  2.1
Evocations     | |  3.0

Action                     |  1- 3 |  4- 6 |  7- 9 | 10-12 || total
---------------------------+-------+-------+-------+-------++-------
  Melee: Club              |    18 |       |       |       ||    18
         Short sword       |    57 |       |       |       ||    57
         Dagger            |    50 |   154 |   294 |   276 ||   774
         Punch             |     2 |     3 |     6 |     3 ||    14
   Cast: Scorch            |       |     4 |    48 |    35 ||    87
         Airstrike         |       |       |       |   130 ||   130
         Anguish           |       |       |       |     1 ||     1
  Evoke: Wand              |     5 |     3 |     9 |     5 ||    22
    Use: Scroll            |       |     1 |     8 |       ||     9
         Potion            |       |       |     4 |     2 ||     6
   Stab: Sleeping          |     3 |     3 |     4 |       ||    10
         Paralysed         |       |       |     2 |       ||     2
 Armour: Leather armour    |    47 |    28 |    81 |    49 ||   205
  Dodge: Dodged            |    90 |    88 |   192 |   111 ||   481

Table legend: (Time is in decaauts)
 A = Elapsed time spent in this place.
 B = Non-inter-level travel time spent in this place.
 C = Inter-level travel time spent in this place.
 D = Time resting spent in this place.
 E = Time spent auto-exploring this place.
 F = Levels seen in this place.
 G = Mean time per level.
                   A        B        C        D        E       F      G
               +--------+--------+--------+--------+--------+-----+--------+
         Total |  14191 |  13616 |    575 |   4860 |   5812 |  15 |  946.1 |
       Dungeon |  12186 |  11612 |    574 |   3970 |   5369 |  11 | 1107.8 |
        Temple |      4 |      4 |      0 |      0 |      0 |   1 |    4.0 |
          Lair |    346 |    346 |      0 |    163 |     96 |   1 |  346.0 |
       Ossuary |    709 |    709 |      0 |    356 |     23 |   1 |  709.0 |
        Bailey |    945 |    945 |      0 |    371 |    324 |   1 |  945.0 |
               +--------+--------+--------+--------+--------+-----+--------+

Top non-repeatable levels by time:
     D:9: 3018 daAuts
    D:10: 1166 daAuts
     D:3: 1165 daAuts
     D:8: 1110 daAuts
     D:1: 1088 daAuts
     D:5: 1033 daAuts
     D:2: 977 daAuts
     D:6: 947 daAuts
  Bailey: 945 daAuts
     D:4: 905 daAuts
     D:7: 772 daAuts
 Ossuary: 709 daAuts
  Lair:1: 346 daAuts
  Temple: 4 daAuts
    D:11: 1 daAuts
